 Dungeon Crawl Stone Soup version 0.26-a0-651-gb41185065b (webtiles) character file.

Game seed: 13870894274369669501

958 Lugonue the Shield-Bearer (level 8, -3/61 HPs)
             Began as a Formicid Fighter on Oct 23, 2020.
             Slain by Edmund
             ... wielding a +1 dire flail of venom
              (8 damage)
             ... on level 5 of the Dungeon.
             The game lasted 00:05:30 (3659 turns).

Lugonue the Shield-Bearer (Formicid Fighter)        Turns: 3659, Time: 00:05:30

Health: -3/61      AC:  9    Str: 21    XL:     8   Next: 37%
Magic:  8/8        EV:  9    Int: 10    God:
Gold:   251        SH: 15    Dex: 10    Spells: 7/7 levels left

rFire    . . .     SeeInvis +   l - +0 halberd
rCold    . . .     Faith    .   c - +0 kite shield
rNeg     . . .     Spirit   .   b - +0 scale mail
rPois    .         Reflect  +   (helmet unavailable)
rElec    .         Harm     .   m - +0 cloak
rCorr    .         Rampage  .   (no gloves)
MR       .....                  o - +0 pair of boots
Stlth    ..........             h - amulet of reflection
HPRegen  0.20/turn              (no ring)
MPRegen  0.11/turn              (no ring)

@: brilliant, lethally poisoned (-3 -> -21)
A: permanent stasis, dig shafts and tunnels, four strong arms, antennae 3
a: Dig, Shaft Self


You were on level 5 of the Dungeon.
You visited 1 branch of the dungeon, and saw 5 of its levels.

You collected 251 gold pieces.

Inventory:

Hand Weapons
 l - a +0 halberd (weapon)
Missiles
 a - a throwing net (quivered)
Armour
 b - a +0 scale mail (worn)
 c - a +0 kite shield (worn)
 m - a +0 cloak (worn)
 o - a +0 pair of boots (worn)
Jewellery
 h - an amulet of reflection (around neck)
Wands
 r - a wand of random effects (2)
Scrolls
 e - 4 scrolls of remove curse
 g - 6 scrolls of identify
 i - 3 scrolls of enchant armour
 q - 2 scrolls of teleportation {unknown}
 t - a scroll of enchant weapon {unknown}
Potions
 d - a potion of haste
 j - a potion of ambrosia {unknown}
 k - a potion of brilliance
 p - a potion of lignification {unknown}
 s - 2 potions of curing {unknown}


   Skills:
 + Level 4.8 Fighting
 + Level 6.1 Polearms
 + Level 4.8 Armour
 * Level 7.3 Shields


You had 7 spell levels left.
You didn't know any spells.
Your spell library was empty.

Dungeon Overview and Level Annotations

Branches:
Dungeon (5/15)
 Temple: D:4-7

Altars:
Kikubaaqudgha
Nemelex Xobeh
Ru
Trog
Wu Jian
The Shining One

Annotations:
D:5 Edmund


Innate Abilities, Weirdness & Mutations

You cannot be hasted, slowed, berserked, paralysed or teleported.
You can dig through walls and to a lower floor.
Your four strong arms can wield two-handed weapons with a shield.
You have a pair of large antennae on your head. (SInv)


Message History

Unknown command.
Okay, then.
Your magical effects are unravelling.
You feel magically purged.
You are no longer corroded.
You feel sick.
Edmund hits you with a +1 dire flail of venom.
* * * LOW HITPOINT WARNING * * *
You are more poisoned.
It was a potion of haste.
Your stasis prevents you from being hasted.
* * * LOW HITPOINT WARNING * * *
You feel sick. Edmund hits you but does no damage.
You are more poisoned.
It was a potion of brilliance.
You feel clever all of a sudden.
* * * LOW HITPOINT WARNING * * *
You feel sick.
Edmund hits you with a +1 dire flail of venom!
You die...

#.##############.############
#.# #......................
#.# #.########.###########.
#.# #.# #.# #. #.# #.# #.# #.
####.# #.# #.# ..... #....#
#.# #.. #>###. #.####
#.########## #.# #.#
#.....@.# ## #.# #..####@#
#.# #..# .# #.# ####..####.#
#.#####...........
#...........####.#
#######.###.# .# #.# #.# ..
#.## #.# .# #..


You could see Edmund.

Vanquished Creatures
  Prince Ribbit (D:5)
  A centaur (D:4)
  A bullfrog (D:5)
  A scorpion (D:5)
  A bullfrog zombie (D:5)
  3 hounds
  A centaur skeleton (D:4)
  A jelly (D:4)
  An orc priest (D:4)
  2 orc wizards (D:3)
  2 iguanas (D:4)
  2 worker ants (D:4)
  A hound skeleton (D:5)
  4 gnolls (D:2)
  5 adders
  A white imp (D:5)
  An ufetubus (D:5)
  4 worms
  A dart slug (D:4)
  2 leopard geckos (D:4)
  10 orcs
  4 bats
  6 giant cockroaches
  8 goblins
  A hobgoblin (D:1)
  7 jackals
  9 kobolds
  A quokka (D:4)
  4 frilled lizards
  A leopard gecko skeleton (D:4)
  7 rats
94 creatures vanquished.

Notes
Turn   | Place    | Note
-------+----------+-------------------------------------------
     0 | D:1      | Lugonue the Formicid Fighter began the quest for the Orb.
     0 | D:1      | Reached XP level 1. HP: 18/18 MP: 1/1
   327 | D:1      | Reached XP level 2. HP: 20/24 MP: 2/2
   806 | D:2      | Reached XP level 3. HP: 29/29 MP: 3/3
   816 | D:2      | Found a glowing golden altar of the Shining One.
   938 | D:2      | Reached skill level 4 in Shields
   940 | D:2      | Reached XP level 4. HP: 26/36 MP: 4/4
  1446 | D:2      | Reached XP level 5. HP: 42/42 MP: 5/5
  1463 | D:2      | Found an ornate altar of the Wu Jian Council.
  1615 | D:2      | Found a bloodstained altar of Trog.
  1617 | D:2      | Found a sparkling altar of Nemelex Xobeh.
  1617 | D:2      | Found an ancient bone altar of Kikubaaqudgha.
  1617 | D:2      | Found a sacrificial altar of Ru.
  2078 | D:3      | Reached XP level 6. HP: 48/48 MP: 6/6
  2365 | D:3      | You fall into a shaft and drop 2 floors!
  2365 | D:5      | Entered Level 5 of the Dungeon
  2383 | D:4      | Reached skill level 5 in Shields
  2570 | D:4      | Reached XP level 7. HP: 52/54 MP: 7/7
  2725 | D:4      | Reached skill level 5 in Polearms
  2862 | D:4      | Reached skill level 6 in Shields
  3499 | D:5      | Noticed Prince Ribbit
  3517 | D:5      | Reached XP level 8. HP: 57/61 MP: 8/8
  3525 | D:5      | Killed Prince Ribbit
  3525 | D:5      | Reached skill level 7 in Shields
  3643 | D:5      | Noticed Edmund
  3659 | D:5      | Slain by Edmund

Illustrated notes

Levels and vault maps discovered:
D:1:      ncdulo_lavacross, layout_loops_ring
D:2:      layout_basic, lemuel_doored_altar, nicolae_overflow_crystal_walls,
          grunt_temple_overflow_open, grunt_ministairs_3
D:3:      layout_basic
D:4:      layout_loops_cross, roderic_lattice_a, minmay_puff
D:5:      layout_loops_ring, minmay_temple_entry_waves, uniq_prince_ribbit1,
          uniq_edmund

Skill      XL: |  1  2  3  4  5  6  7  8 |
---------------+-------------------------+-----
Shields        | 4 5 6 7 |  7.3
Polearms       | 3 4 5 6 |  6.1
Armour         | 4 |  4.8
Fighting       | 4 |  4.8

Action                   |  1- 3 |  4- 6 |  7- 9 || total
-------------------------+-------+-------+-------++-------
Melee: Trident           |    63 |    22 |       ||    85
       Halberd           |       |   148 |   126 ||   274
 Abil: Dig               |       |     3 |     5 ||     8
Evoke: Wand              |       |       |     8 ||     8
  Use: Scroll            |       |     3 |       ||     3
       Potion            |       |     2 |     5 ||     7
Armor: Scale mail        |    11 |    49 |    45 ||   105
Dodge: Dodged            |    12 |    43 |    29 ||    84
Block: Kite shield       |    18 |   104 |   121 ||   243
       Reflection        |       |     1 |       ||     1

Table legend: (Time is in decaauts)
 A = Elapsed time spent in this place.
 B = Non-inter-level travel time spent in this place.
 C = Inter-level travel time spent in this place.
 D = Time resting spent in this place.
 E = Time spent auto-exploring this place.
 F = Levels seen in this place.
 G = Mean time per level.
                   A        B        C        D        E       F      G
               +--------+--------+--------+--------+--------+-----+--------+
         Total |   3772 |   3696 |     76 |    299 |   2543 |   5 |  754.4 |
       Dungeon |   3772 |   3696 |     76 |    299 |   2543 |   5 |  754.4 |
               +--------+--------+--------+--------+--------+-----+--------+

Top non-repeatable levels by time:
     D:2: 1142 daAuts
     D:4: 865 daAuts
     D:1: 720 daAuts
     D:3: 568 daAuts
     D:5: 475 daAuts
